 Dungeon Crawl Stone Soup version 0.28.0 (webtiles) character file.

Game seed: 8440724705919597980

2923 themarg the Caller (level 9, -6/63 HPs)
             Began as a Merfolk Summoner on Feb 14, 2022.
             Was a Follower of Makhleb.
             Mangled by an orc warrior (13 damage)
             ... on level 8 of the Dungeon.
             The game lasted 00:54:46 (10722 turns).

themarg the Caller (Merfolk Summoner)              Turns: 10722, Time: 00:54:47

Health: -6/63      AC:  7    Str:  8    XL:     9   Next: 79%
Magic:  13/19      EV: 14    Int: 18    God:    Makhleb [*.....]
Gold:   304        SH:  0    Dex: 15    Spells: 11/22 levels left

rFire   . . .      SeeInvis .   u - +0 spear (flame)
rCold   . . .      Faith    .   (no shield)
rNeg    + . .      Spirit   .   i - +2 robe {rN+}
rPois   +          Reflect  .   e - +0 hat
rElec   .          Harm     .   (no cloak)
rCorr   .          Rampage  .   s - +0 pair of gloves
Will    +....                   t - +1 pair of boots
Stlth   +++.......              (no amulet)
HPRegen 0.20/turn               m - ring of poison resistance
MPRegen 0.16/turn               v - ring of willpower

@: about to teleport
A: (nimble swimmer 2), mertail
a: Renounce Religion


You were on level 8 of the Dungeon.
You worshipped Makhleb.
Makhleb was aware of your devotion.
You visited 2 branches of the dungeon, and saw 9 of its levels.

You collected 304 gold pieces.

Inventory:

Hand Weapons
 g - a +2 dagger of electrocution
 u - a +0 spear of flaming (weapon)
 w - the +5 falchion "Ofoghon" {vorpal, Fragile rN+ rCorr Int+3}
   (You found it on level 6 of the Dungeon)

   It inflicts extra damage upon your enemies.
   Int:       It affects your intelligence (+3).
   rN:        It protects you from negative energy.
   rCorr:     It protects you from acid and corrosion.
   Fragile:   It will be destroyed if unequipped.
Missiles
 d - 2 curare-tipped darts
 x - 15 poisoned darts
 y - 24 stones
 E - a throwing net
 F - an atropa-tipped dart
Armour
 e - a +0 hat (worn)
 i - a +2 robe of positive energy (worn)
 s - a +0 pair of gloves (worn)
 t - a +1 pair of boots (worn)
Jewellery
 b - a ring of protection from cold
 m - a ring of poison resistance (left hand)
 v - a ring of willpower (right hand)
 B - a ring of ice
 H - a ring of magical power
 M - an amulet of faith
Wands
 I - a wand of polymorph (12)
Scrolls
 a - a scroll of holy word {unknown}
 c - a scroll of vulnerability {unknown}
 f - a scroll of silence {unknown}
 k - a scroll of brand weapon {unknown}
 l - a scroll of amnesia
 A - 2 scrolls of identify {unknown}
 D - a scroll of enchant armour {unknown}
 G - 2 scrolls of enchant weapon {unknown}
 J - 2 scrolls of immolation {unknown}
 K - a scroll of torment {unknown}
Potions
 h - a potion of heal wounds
 j - a potion of flight {unknown}
 n - a potion of haste {unknown}
 o - a potion of curing {unknown}
 p - a potion of invisibility {unknown}
 q - 4 potions of mutation {unknown}
 r - a potion of ambrosia {unknown}
 C - a potion of degeneration {unknown}
 L - a potion of might


   Skills:
 + Level 3.0 Fighting
 + Level 1.8 Short Blades
 + Level 5.9 Polearms
 + Level 5.7 Dodging
 + Level 4.7 Stealth
 + Level 7.1 Spellcasting
 + Level 3.3 Hexes
 + Level 7.9 Summonings
 + Level 0.2 Air Magic


You had 11 spell levels left.
You knew the following spells:

 Your Spells              Type           Power      Damage    Failure   Level
a - Summon Small Mammal   Summ           100%       N/A       1%          1
b - Call Canine Familiar  Summ           34%        N/A       1%          3
c - Summon Guardian Gole  Hex/Summ       26%        N/A       3%          3
d - Summon Lightning Spi  Summ/Air       21%        N/A       21%         4

Your spell library contained the following spells:

 Spells                   Type           Power      Damage    Failure   Level
 Call Imp                 Summ           34%        N/A       1%          2
 Slow                     Hex            72%        N/A       2%          1
 Confusing Touch          Hex            18%        N/A       9%          3
 Beastly Appendage        Tmut           12%        N/A       11%         1
 Sandblast                Erth           12%        2d6       11%         1
 Passwall                 Tmut/Erth      5%         N/A       16%         2
 Wereblood                Tmut           6%         N/A       16%         2
 Spider Form              Tmut/Pois      6%         N/A       32%         3
 Stone Arrow              Conj/Erth      12%        3d7       32%         3
 Vampiric Draining        Necr           6%         2d6       32%         3


Dungeon Overview and Level Annotations

Branches:
Dungeon (8/15)             Temple (1/1) D:5
   Lair: D:8-11

Altars:
Ashenzari
Dithmenos
Elyvilon
Fedhas
Hepliaklqana
Kikubaaqudgha
Makhleb
Nemelex Xobeh
Qazlal
Ru
Sif Muna
Trog
Uskayaw
Wu Jian
Xom
Zin
The Shining One

Shops:
D:3 (   D:7 (

Annotations:
D:7 3 runed translucent doors, bande's ghost, novice GrFi
D:8 Joseph


Innate Abilities, Weirdness & Mutations

((You are very nimble when in or above water. (Stealth+, EV+, Speed+++)))
Your lower body shifts to a powerful aquatic tail in water.


Message History

Your lightning spire shoots out a bolt of lightning at the orc!
The bolt of electricity hits the orc!
The orc dies!
Makhleb accepts your kill.
You hit the orc warrior but do no damage.
The orc warrior is lightly wounded.
The orc warrior closely misses you.
You hit the orc warrior but do no damage.
The orc warrior is lightly wounded.
The orc warrior hits you but does no damage.
You hit the orc warrior. You burn the orc warrior.
The orc warrior is moderately wounded.
The orc warrior misses you.
You barely miss the orc warrior.
The orc warrior is moderately wounded.
The orc warrior hits you with a +0 mace.
An orc wizard comes into view. It is wielding a +0 dagger.
You barely miss the orc warrior.
The orc warrior is moderately wounded.
The orc wizard shouts!
You hit the orc warrior but do no damage.
The orc warrior is moderately wounded.
The orc warrior hits you with a +0 mace.
An orc comes into view. It is wielding a +0 flail.
You closely miss the orc warrior.
The orc warrior is moderately wounded.
The orc warrior completely misses you.
You hit the orc warrior but do no damage.
You punch the orc warrior.
The orc warrior is moderately wounded.
The orc warrior hits you with a +0 mace!
* * * LOW HITPOINT WARNING * * *
As you read the scroll of teleportation, it crumbles to dust.
You feel strangely unstable.
The orc warrior hits you but does no damage.
The orc shouts!
You hit the orc warrior but do no damage.
The orc warrior is moderately wounded.
The orc warrior hits you with a +0 mace!
You die...

....P..§......######........#
#.P#.§_.....##............#
#P...§§.................#
#......P.....######...####
.....P.......### ##...######
........[###..# ##.....†..
..#.###..# #.## ##.####### #
#. ##.###.####### #.....# #
###.)....)8@oo# #.#(#.###
#........####o####.......###
#........####.c....#####....
#......coo☼....#####...#####
...>......####..'....._.....'
########### ##.#####...#####
#.....#####....
#####.......... #####....##


You could see an orc warrior (ally target), a centaur, 2 orcs and a friendly
lightning spire (summoned).

Vanquished Creatures
  Duvessa (D:5)
  A phantom (D:5)
  A bullfrog (D:6)
  A scorpion (D:4)
  A wyvern skeleton (D:7)
  2 killer bees (D:7)
  A hound (D:6)
  A bullfrog zombie (D:7)
  An orc wizard (D:3)
  A killer bee zombie (D:8)
  13 adders
  3 gnolls
  A white imp (D:7)
  An adder skeleton (D:4)
  A dart slug (D:2)
  11 orcs
  6 bats
  2 endoplasms (D:2)
  2 goblins
  3 hobgoblins
  3 training dummies (D:7)
  3 ball pythons
  A goblin zombie (D:8)
  A hobgoblin zombie (D:8)
  2 kobolds
  2 orc skeletons (D:8)
  4 rats
70 creatures vanquished.

Vanquished Creatures (collateral kills)
  Psyche (D:8)
  A wraith (D:7)
  2 water moccasins
  An orc warrior (D:8)
  A black bear (D:8)
  2 necrophages (D:6)
  An ogre (D:5)
  A water moccasin skeleton (D:5)
  Dowan (D:5)
  A nameless horror (D:4)
  A hound (D:4)
  A centaur zombie (D:4)
  A bullfrog zombie (D:7)
  2 orc priests
  4 jellies
  2 orc wizards
  3 gnolls
  2 adders (D:4)
  2 dart slugs
  14 orcs
  4 bats
  4 endoplasms
  4 giant cockroaches
  2 hobgoblins
  2 iguanas
  4 jackals (D:1)
  A quokka (D:4)
  11 ball pythons
  2 frilled lizards
  A hobgoblin zombie (D:8)
  2 kobolds
  An orc zombie (D:8)
  6 rats
88 creatures vanquished.

Vanquished Creatures (others)
  A wyvern (D:8)
  An orc warrior (D:8)
  An ogre (D:5)
  A killer bee (D:7)
  A jelly (D:6)
  2 orc priests
  A gnoll shaman (D:4)
  An iguana (D:5)
  A gnoll (D:4)
  3 orcs
  15 plants
28 creatures vanquished.

Grand Total: 186 creatures vanquished

Notes
Turn   | Place    | Note
-------+----------+-------------------------------------------
     0 | D:1      | themarg the Merfolk Summoner began the quest for the Orb.
     0 | D:1      | Reached XP level 1. HP: 13/13 MP: 3/3
   113 | D:1      | Reached XP level 2. HP: 19/19 MP: 0/5
   337 | D:1      | You fall into a shaft and drop 1 floor!
   551 | D:2      | Reached XP level 3. HP: 11/24 MP: 3/6
   838 | D:2      | Found a faded altar of an unknown god.
  1917 | D:2      | Reached XP level 4. HP: 20/31 MP: 4/7
  2037 | D:2      | Reached skill level 1 in Short Blades
  2790 | D:2      | Reached skill level 1 in Fighting
  2814 | D:2      | Reached XP level 5. HP: 30/37 MP: 9/9
  2942 | D:2      | Learned a level 3 spell: Call Canine Familiar
  2946 | D:2      | Learned a level 3 spell: Summon Guardian Golem
  2968 | D:3      | Reached skill level 5 in Summonings
  3243 | D:3      | Found Lerraifyrch's Antique Weapon Shop.
  4132 | D:4      | Found a stormy altar of Qazlal.
  4272 | D:4      | Found a shimmering altar of Xom.
  4313 | D:4      | Reached XP level 6. HP: 34/43 MP: 6/10
  4583 | D:4      | Noticed a nameless horror
  4846 | D:4      | Killed a nameless horror
  5165 | D:4      | Reached skill level 1 in Polearms
  5228 | D:4      | Reached XP level 7. HP: 21/48 MP: 6/12
  5486 | D:5      | Entered Level 5 of the Dungeon
  5497 | D:5      | Found a staircase to the Ecumenical Temple.
  5497 | D:5      | Noticed Duvessa
  5497 | D:5      | Noticed Dowan
  5515 | Temple   | Entered the Ecumenical Temple
  6024 | Temple   | Became a worshipper of Makhleb the Destroyer
  6064 | D:5      | Killed Duvessa
  6071 | D:5      | Killed Dowan
  6516 | D:5      | Reached skill level 1 in Hexes
  6729 | D:5      | Reached XP level 8. HP: 47/56 MP: 8/14
  7127 | D:5      | Learned a level 4 spell: Summon Lightning Spire
  7557 | D:6      | Reached skill level 5 in Spellcasting
  8314 | D:6      | Identified the +5 falchion "Ofoghon" {vorpal, Fragile rN+
                  | rCorr Int+3}
  8434 | D:6      | Found a broken altar of Ashenzari.
  8435 | D:6      | Found a shadowy altar of Dithmenos.
  8569 | D:7      | Found the +3 sling "Punk" {acid, rCorr}
  8586 | D:7      | Noticed bande's ghost (novice GrFi)
  8586 | D:7      | Noticed a boulder beetle
  8589 | D:7      | Found a runed translucent gate.
  8589 | D:7      | Found a runed translucent gate.
  8589 | D:7      | Found a runed translucent gate.
  8615 | D:7      | Reached XP level 9. HP: 57/62 MP: 11/17
  8657 | D:7      | Found a hide-covered altar of Uskayaw.
  8726 | D:7      | Found Reolunn's Firing Range.
  8822 | D:7      | Reached * piety under Makhleb
  9100 | D:7      | Reached skill level 5 in Polearms
  9935 | D:8      | Noticed Joseph
 10005 | D:8      | Noticed Psyche
 10014 | D:8      | Killed Psyche
 10024 | D:8      | Reached skill level 5 in Dodging
 10198 | D:8      | Found a glowing golden altar of the Shining One.
 10278 | D:8      | Found a hazy altar of Hepliaklqana.
 10660 | D:8      | Found a shimmering blue altar of Sif Muna.
 10722 | D:8      | Mangled by an orc warrior

Illustrated notes

Levels and vault maps discovered:
D:1:      dpeg_arrival_erosion, layout_loops_ring
D:2:      layout_rooms, shapermc_ecumenical_altar_pompeii, minmay_snake_closets
D:3:      layout_loops_cross, serial_shops, nicolae_shop_trees,
          serial_bayou_pond_b
D:4:      layout_cave_pools, nicolae_qazlal_eye_of_the_storm, dk_xom_monty_hall
D:5:      wander_river, layout_rooms, minmay_temple_entry_from_below_b,
          serial_glass, glass_columns_b, glass_columns_a, glass_columns_a,
          glass_columns_a, glass_columns_c, glass_columns_a, glass_columns_b,
          glass_columns_b, uniq_duvessa
D:6:      layout_loops_ring, nicolae_overflow_hidden_temple
D:7:      layout_loops_ring, mainiacjoe_overflow_six_doors_small,
          gammafunk_ghost_split, mrwooster_statue_mirror, st_stairs_6,
          nicolae_shop_firing_range
D:8:      layout_rooms, nicolae_hepliaklqana_hazy_memory,
          nicolae_tso_besieged_by_evil, old_standard_altar,
          mainiacjoe_overflow_surrounded_room, uniq_joseph, uniq_erica,
          uniq_psyche
Temple:   compressed_dpeg_triangle_lava_temple

Skill      XL: |  1  2  3  4  5  6  7  8  9 |
---------------+----------------------------+-----
Dodging        | 3 4 5 |  5.7
Short Blades   | 1 |  1.8
Fighting       | 1 2 3 |  3.0
Spellcasting   | 3 4 5 7 |  7.1
Summonings     | 5 6 7 |  7.9
Stealth        | 3 4 |  4.7
Polearms       | 1 3 4 5 |  5.9
Hexes          | 1 2 3 |  3.3
Air Magic      | |  0.2

Action                   |  1- 3 |  4- 6 |  7- 9 || total
-------------------------+-------+-------+-------++-------
Melee: Unarmed           |    11 |       |       ||    11
       Short sword       |    26 |       |       ||    26
       Dagger            |    38 |    67 |       ||   105
       Spear             |       |    56 |   263 ||   319
       Punch             |       |     1 |     6 ||     7
       Tailslap          |       |     1 |       ||     1
 Cast: Summon Small Mamm |    51 |    19 |     2 ||    72
       Call Canine Famil |       |    19 |    39 ||    58
       Summon Guardian G |       |     4 |    30 ||    34
       Summon Lightning  |       |       |     5 ||     5
  Use: Potion            |       |     1 |     5 ||     6
       Scroll            |       |     1 |     3 ||     4
 Stab: Sleeping          |     1 |     2 |     4 ||     7
       Distracted        |       |     3 |     7 ||    10
Armor: Robe              |    15 |    16 |    38 ||    69
Dodge: Dodged            |    87 |    88 |   141 ||   316
